 Dungeon Crawl Stone Soup version bcrawl-1.40.3b (webtiles) character file.

Game seed: 3089787795700426231

254495 Amelense the Slasher (level 7, 0/44 HPs)
             Began as a Skeleton Monk on Feb 6, 2024.
             Was a Priest of Nemelex Xobeh.
             Slain by an ice devil (10 damage)
             ... summoned by the player character
             ... on level 5 of the Dungeon.
             The game lasted 00:29:18 (3792 turns).

Amelense the Slasher (Skeleton Monk)                Turns: 3792, Time: 00:29:19

Health: 0/44       AC:  8    Str: 20    XL:     7   Next: 84%
Magic:  0/8        EV: 18    Int:  8    God:    Nemelex Xobeh [***...]
Gold:   125        SH:  1    Dex: 11    Spells: 4/6 levels left

rFire    . . .     GDR:     23% l - +0 great sword
rCold    + . .     SeeInvis +   (shield currently unavailable)
rNeg     + + +     Gourm    .   h - +3 leather armour
rPois    ∞         Faith    .   n - +1 helmet
rElec    .         Spirit   +   (no cloak)
rCorr    .         Reflect  .   (no gloves)
MR       +....                  (no boots)
Stlth    ++........             d - amulet of magic regeneration
HPRegen  0.17/turn              q - +5 ring of evasion (curse)
MPRegen  0.27/turn              r - ring of see invisible

@: no status effects
A: no food or potions, cold resistance 1, deterioration 1, negative energy
resistance 3, powered by death 1, torment resistance, unbreathing, magic shield,
sturdy frame 1, spell healing
a: Draw Escape, Draw Destruction, Draw Summoning, Triple Draw, Renounce Religion


You were on level 5 of the Dungeon.
You worshipped Nemelex Xobeh.
Nemelex Xobeh was most pleased with you.
You were not hungry.

You visited 1 branch of the dungeon, and saw 5 of its levels.

You collected 346 gold pieces.
You spent 221 gold pieces at shops.

Inventory:

Hand Weapons
 a - a +0 spear
 l - a +0 great sword (weapon)
 m - a +2 falchion of slicing
 o - a +2 dagger of venom
 u - a +0 trident of venom
 v - a +1 dire flail of holy wrath
 y - the +1 flail of Ryastidgh {crush, rN+ MR+ Int-4 Dex+4, unknown}
   (You bought it in a shop on level 4 of the Dungeon)

   It will always inflict at least some extra damage.
   This minimum extra damage increases with your current reserve of magical
   power.
   It affects your intelligence (-4).
   It affects your dexterity (+4).
   It protects you from negative energy.
   It affects your resistance to hostile enchantments.
Armour
 b - a +0 robe
 c - a +0 hat
 h - a +3 leather armour (worn)
 n - a +1 helmet (worn)
 p - a +1 robe
 w - a +0 leather armour of magic resistance
Jewellery
 d - an amulet of magic regeneration (around neck)
 f - an uncursed amulet of magic regeneration
 j - an uncursed ring of insulation
 k - an uncursed ring of positive energy
 q - a cursed +5 ring of evasion (left hand)
 r - a ring of see invisible (right hand)
 s - an uncursed ring of resist corrosion
Wands
 t - a wand of flame (12)
Scrolls
 e - 6 scrolls of remove curse
 g - a scroll of noise
 i - 4 scrolls of identify
 x - a scroll of teleportation
 z - a scroll of enchant armour
 A - a scroll of revelation {unknown}


   Skills:
 * Level 4.7 Fighting
 * Level 7.1 Long Blades
 + Level 4.9 Polearms
 * Level 4.7 Dodging
 + Level 4.1 Stealth
 - Level 1.8 Invocations


You had 4 spell levels left.
You knew the following spells:

 Your Spells              Type           Power        Failure   Level  Hunger
a - Shackle               Hex            #.......     56%         2    N/A

Your spell library contained the following spells:

 Spells                   Type           Power        Failure   Level  Hunger
 Corona                   Hex            #......      41%         1    N/A
 False Image              Hex/Summ       #.......     80%         3    N/A
 Inner Flame              Hex/Fire       N/A          80%         3    N/A
 Cause Fear               Hex            #.........   99%         4    N/A
 Yara's Violent Unravell  Hex/Tmut       #.........   99%         4    N/A

Dungeon Overview and Level Annotations

Branches:
Dungeon (5/12)
 Temple: D:4-7

Altars:
Cheibriados
Nemelex Xobeh
Yredelemnul

Shops:
D:4 *


Innate Abilities, Weirdness & Mutations

You do not eat or drink.
You are immune to poison.
Your flesh is cold resistant. (rC+)
Your body sometimes deteriorates upon taking damage.
You are immune to negative energy. (rN+++)
You regenerate a little health from kills.
You are immune to unholy pain and torment.
You can survive without breathing.
When hurt, damage is shared between your health and your magic reserves.
Your movements are slightly less encumbered by armour. (ER -2)
Casting spells heals you.


Message History

The ice devil is severely wounded.
The ice devil closely misses you. The sky beast barely misses you.
You barely miss the ice devil.
The ice devil is severely wounded.
The ice devil barely misses you. The sky beast barely misses you.
The ice devil closely misses you.
You hit the ice devil but do no damage.
The ice devil is severely wounded.
The sky beast closely misses you. The ice devil hits you.
The ice devil freezes you. You resist. The sky beast misses you.
You closely miss the ice devil.
The ice devil is severely wounded.
The ice devil hits you. The ice devil freezes you. You resist.
* * * LOW HITPOINT WARNING * * *
The sky beast barely misses you.
You draw a card...
You have drawn the Shaft.
Will you play it? A shaft materialises beneath you! The ice devil hits you!
You die...
Your body disappears without a glow.

.........#....## ...............#
..............## ........#......#
### ........#......# #.#
#.......###....#### #..
#......###........#..########..
.........#......4†#...##......##
...†...#....#..#@Y....#........##
.#.†......###..##...............#
.#[......## #..###...........<...
))......## ##.#####.#............
.###.##..###..##.#..#............
..##..##...............##.....###
..#...###..##.................# #
.)........###.........#..[....#.#
..#......## ##........#....).....


You could see an ice devil and a sky beast.

Vanquished Creatures
  Edmund (D:5)
  A bullfrog (D:4)
  A scorpion (D:4)
  A howler monkey (D:5)
  2 crimson imps
  2 jellies
  5 orc wizards
  A gnoll shaman (D:4)
  Jessica (D:3)
  Terence (D:3)
  2 worker ants
  A hound skeleton (D:3)
  6 adders
  2 gnolls (D:4)
  2 oozes
  5 worms
  2 dart slugs
  2 leopard geckos (D:3)
  13 orcs
  6 bats
  A giant cockroach (D:2)
  2 goblins
  7 hobgoblins
  11 jackals
  4 quokkas
  7 frilled lizards
  A jackal zombie (D:5)
  5 kobolds
  A quokka skeleton (D:4)
  4 rats
100 creatures vanquished.

Vanquished Creatures (collateral kills)
  2 gnolls (D:4)
  An adder skeleton (D:4)
  3 orcs
  A frilled lizard (D:2)
  3 kobolds
10 creatures vanquished.

Vanquished Creatures (others)
  A hound (D:5)
  A fungus (D:5)
2 creatures vanquished.

Grand Total: 112 creatures vanquished

Notes
Turn   | Place    | Note
-------+----------+-------------------------------------------
     0 | D:1      | Amelense the Skeleton Monk began the quest for the Orb.
     0 | D:1      | Reached XP level 1. HP: 14/14 MP: 2/2
   191 | D:1      | Reached XP level 2. HP: 11/19 MP: 1/3
   791 | D:2      | Reached XP level 3. HP: 10/23 MP: 2/4
   896 | D:2      | Found a sparkling altar of Nemelex Xobeh.
   906 | D:2      | Became a worshipper of Nemelex Xobeh the Trickster
   906 | D:2      | Received a gift from Nemelex Xobeh
   906 | D:2      | Received a gift from Nemelex Xobeh
   906 | D:2      | Reached * piety under Nemelex Xobeh
   906 | D:2      | Received a gift from Nemelex Xobeh
   906 | D:2      | Reached ** piety under Nemelex Xobeh
  1740 | D:3      | Noticed Jessica
  1750 | D:3      | Killed Jessica
  1751 | D:3      | Reached XP level 4. HP: 25/29 MP: 5/5
  1871 | D:3      | Reached XP level 5. HP: 29/33 MP: 4/6
  1960 | D:3      | Reached skill level 1 in Long Blades
  2054 | D:3      | Reached skill level 2 in Long Blades
  2235 | D:3      | Found a snail-covered altar of Cheibriados.
  2235 | D:3      | Received a gift from Nemelex Xobeh
  2431 | D:3      | Noticed Terence
  2438 | D:3      | Killed Terence
  2677 | D:4      | Received a gift from Nemelex Xobeh
  2677 | D:4      | Reached *** piety under Nemelex Xobeh
  2712 | D:4      | Reached skill level 3 in Long Blades
  2712 | D:4      | Gained mutation: You regenerate a little health from kills.
                  | [Skeleton growth]
  2712 | D:4      | Reached XP level 6. HP: 38/38 MP: 3/7
  2714 | D:4      | Noticed an ice devil
  2906 | D:4      | Found a sparkling altar of Nemelex Xobeh.
  2913 | D:4      | Reached skill level 4 in Long Blades
  3119 | D:4      | Found a basalt altar of Yredelemnul.
  3165 | D:4      | Found Hughut's Assorted Antiques.
  3174 | D:4      | Bought a crystal flail for 221 gold pieces
  3328 | D:4      | Reached skill level 5 in Long Blades
  3328 | D:4      | Reached XP level 7. HP: 40/43 MP: 6/8
  3511 | D:5      | Entered Level 5 of the Dungeon
  3519 | D:5      | Noticed Edmund
  3535 | D:5      | Killed Edmund
  3536 | D:5      | Reached skill level 6 in Long Blades
  3561 | D:5      | Received a gift from Nemelex Xobeh
  3616 | D:5      | Reached skill level 7 in Long Blades
  3623 | D:5      | Learned a level 2 spell: Shackle
  3777 | D:5      | Noticed an ice devil
  3792 | D:5      | Slain by an ice devil

Skill      XL: |  1  2  3  4  5  6  7 |
---------------+----------------------+-----
Polearms       | 4 |  4.9
Stealth        | 3 4 |  4.1
Long Blades    | 3 5 7 |  7.1
Dodging        | 4 |  4.7
Fighting       | 4 |  4.7
Invocations    | |  1.8

Action                   |  1- 3 |  4- 6 |  7- 9 || total
-------------------------+-------+-------+-------++-------
Melee: Spear             |   156 |       |       ||   156
       Great sword       |     4 |   139 |    72 ||   215
Invok: Triple Draw       |       |     3 |     1 ||     4
 Abil: Draw Summoning    |     2 |     1 |     1 ||     4
       Draw Destruction  |     1 |     2 |       ||     3
       Draw Escape       |       |       |     3 ||     3
  Use: Scroll            |     3 |     2 |       ||     5
 Stab: Sleeping          |     6 |     5 |       ||    11
       Distracted        |     1 |       |       ||     1
Armor: Robe              |    10 |       |       ||    10
       Leather armour    |     9 |    46 |    22 ||    77
Dodge: Dodged            |    87 |   198 |   104 ||   389
Block: Other             |       |       |     3 ||     3
